 Dungeon Crawl Stone Soup version 0.30-a0-737-gf23d94013f (webtiles) character file.

Game seed: 13419060735533745363

4736 MackTheKnife the Nimble (level 10, 0/74 HPs)
             Began as an Octopode Wanderer on Feb 2, 2023.
             Was an Initiate of Gozag.
             Slain by a centaur warrior (8 damage)
             ... on level 8 of the Dungeon.
             The game lasted 00:11:28 (7010 turns).

MackTheKnife the Nimble (Octopode Wanderer)         Turns: 7010, Time: 00:11:28

Health: 0/74       AC:  1    Str:  9    XL:     10   Next: 46%
Magic:  21/21      EV: 23    Int: 23    God:    Gozag
Gold:   127        SH:  0    Dex: 26    Spells: 5/12 levels left

rFire   + . .      SeeInvis .    m - +8 dagger of Beyond {venom, rF+ Dex+4, short}
rCold   . . .      Faith    .    (no shield)
rNeg    . . .      Spirit   .    (helmet restricted)
rPois   +          Reflect  .    p - amulet of regeneration {@e2}
rElec   +          Harm     .    i - +6 ring of dexterity
rCorr   .          Rampage  .    s - ring of wizardry
Will    +++..                    H - ring of magical power
Stlth   ++++                     L - ring of Okawaru's Approval {rElec rPois Will+++ Int+6 Slay-4}
HPRegen 1.12/turn                (no ring)
MPRegen 0.17/turn                (no ring)
                                 (no ring)
                                 (no ring)

@: no status effects
A: almost no armour, amphibious, 8 rings, camouflage 1, gelatinous body 1,
(nimble swimmer 1), tentacles
a: Renounce Religion, Potion Petition, Call Merchant, Bribe Branch


You were on level 8 of the Dungeon.
You worshipped Gozag.
Gozag was aware of your devotion.
You visited 1 branch of the dungeon, and saw 9 of its levels.

You collected 1471 gold pieces.
You spent 780 gold pieces at shops.
You paid 564 gold pieces to Gozag.


Innate Abilities, Weirdness & Mutations

You cannot wear most types of armour.
You are amphibious.
You can wear up to eight rings at the same time.
Your skin changes colour to match your surroundings (Stealth+).
Your rubbery body absorbs attacks. (AC +1, EV +1)
((You are camouflaged when in or above water. (Stealth+)))
You have tentacles for arms and can constrict up to eight enemies at once.


   Skills:
 - Level 9.0 Fighting
 - Level 6.5 Short Blades
 - Level 10.3 Dodging
 - Level 4.7 Stealth
 + Level 1.9 Spellcasting
 + Level 1.5 Conjurations
 + Level 1.5 Hexes
 - Level 1.0 Translocations


You had 5 spell levels left.
You knew the following spells:

 Your Spells              Type           Power      Damage    Failure   Level
a - Apportation           Tloc           12%        N/A       3%          1
b - Searing Ray           Conj           18%        2d5       4%          2
c - Fulminant Prism       Conj/Hex       4%         3d5       26%         4

Your spell library contained the following spells:

 Spells                   Type           Power      Damage    Failure   Level
 Magic Dart               Conj           36%        1d4       2%          1
 Necrotise                Necr           8%         1d4       5%          1
 Summon Small Mammal      Summ           8%         N/A       5%          1
 Gell's Gravitas          Tloc           6%         N/A       11%         3
 Hailstorm                Conj/Ice       5%         3d4       12%         3
 Ice Form                 Ice/Tmut       2%         N/A       45%         4
 Simulacrum               Ice/Necr       Unusable   N/A       N/A         6

Inventory:

Hand Weapons
 m - the +8 dagger of Beyond (weapon) {venom, rF+ Dex+4, short}
   (You found it on level 2 of the Dungeon)

   Dex:       It affects your dexterity (+4).
   rF:        It protects you from fire.
 q - the +10 dagger of the Sharing Coward {antimagic, Int+4, short}
   (You found it on level 3 of the Dungeon)

   Int:       It affects your intelligence (+4).
Missiles
 f - 4 poisoned darts {throwing}
Jewellery
 a - an amulet of magic regeneration {@e2}
   (You found it on level 5 of the Dungeon)
 i - a +6 ring of dexterity (left tentacle)
   (You found it on level 1 of the Dungeon)
 p - an amulet of regeneration (around mantle) {@e2}
   (You found it on level 3 of the Dungeon)
 s - a ring of wizardry (right tentacle)
   (You found it on level 3 of the Dungeon)
 z - an amulet of reflection
   (You found it on level 8 of the Dungeon)
 H - a ring of magical power (on tentacle)
   (You found it on level 8 of the Dungeon)
 L - the ring of Okawaru's Approval (on tentacle) {rElec rPois Will+++ Int+6 Slay-4}
   (You acquired it on level 8 of the Dungeon)

   [ring of intelligence]

   Int:       It affects your intelligence (+6).
   Slay:      It affects your accuracy & damage with ranged weapons and melee
   (-4).
   rElec:     It insulates you from electricity.
   rPois:     It protects you from poison.
   Will:      It greatly increases your willpower.
Wands
 x - a wand of digging (5)
   (You took it off Sigmund on level 4 of the Dungeon)
 A - a wand of roots (6)
   (You found it on level 6 of the Dungeon)
 B - a wand of polymorph (6)
   (You found it on level 6 of the Dungeon)
 F - a wand of quicksilver (13)
   (You found it on level 8 of the Dungeon)
Scrolls
 b - a scroll of fear
 d - 7 scrolls of teleportation {@r4}
 k - 2 scrolls of enchant weapon
 l - 3 scrolls of fog
 r - 2 scrolls of enchant armour
 u - a scroll of poison {!r}
 y - a scroll of immolation {!r!r}
 E - a scroll of vulnerability {!r!r}
 G - a scroll of identify {@r1}
 I - a scroll of magic mapping {!r}
 K - a scroll of amnesia {unknown}
Potions
 c - 3 potions of attraction {!q}
 e - a potion of berserk rage {unknown}
 g - 3 potions of heal wounds {@q2}
 h - 2 potions of degeneration {unknown}
 j - a potion of haste {unknown}
 n - 5 potions of curing {@q1}
 o - a potion of invisibility {unknown}
 t - 3 potions of brilliance
 v - 2 potions of ambrosia
 w - 2 potions of flight {unknown}
 C - a potion of mutation {!q}
 D - a potion of lignification {unknown}
Miscellaneous
 J - a lightning rod (4/4)
   (You found it on level 9 of the Dungeon)

Dungeon Overview and Level Annotations

Branches:
Dungeon (9/15) Zot: 26414  Temple (0/1) D:7
   Lair: D:8-11         Orc: D:9-12

Altars:
Ashenzari
Elyvilon
Gozag
Nemelex Xobeh
Qazlal
Ru
Xom
Zin
The Shining One

Shops:
D:7 !   D:8 ?

Annotations:
D:9 exclusion: obsidian statue

...[.............#.#...?zz#..#
...)[............#.#####.o#..#
........#........#.#$ #o.#..#
......#............# #.z#..#
......#............#$ $+. #..#
......#...........#########..####
......#..........................
......#............#........####.
......#.........@...........#####
............#..c...#.##..........
............#....................
.........^.......................
......................#..........
'####.................#......#...
...###.......#........#...#.##...
_..# #....#..#...................
...# #...##..#..............####.


You could see a centaur warrior (extremely poisoned).


Message History

The orc warrior barely misses you. 😮 HP[+1]
You hit the orc warrior but do no damage.
The orc warrior looks as sick as possible!
You squeeze the orc warrior.
You constrict the orc warrior, but do no damage.
The orc warrior completely misses you.
You hit the orc warrior.
The orc warrior looks as sick as possible!
You squeeze the orc warrior, but do no damage.
You constrict the orc warrior, but do no damage. 😮 HP[+1]
You hit the orc warrior.
The orc warrior looks as sick as possible!
You squeeze the orc warrior. You constrict the orc warrior.
You kill the orc warrior! 😮 HP[+1]
You now have enough gold to buy 2 potions of heal wounds on D:7.
You can access your shopping list by pressing '$'.
You now have 120 gold pieces (gained 22).
Things that are here:
a +0 dire flail {mace}; a +0 plate armour 😮 HP[+2]
You regained 2 hp, and now have 52/74 hp.
You start resting. 😎 HP[+22]
Your hp is fully restored (74).
There is a stone staircase leading down, spattered with blood here.
You now have 127 gold pieces (gained 7).
Items here: ( )) [.
A centaur warrior is nearby!
The centaur warrior shouts!
You hit the centaur warrior.
The centaur warrior is poisoned.
The centaur warrior completely misses you.
The centaur warrior misses you.
You hit the centaur warrior.
The centaur warrior looks as sick as possible!
The centaur warrior hits you!
The centaur warrior barely misses you. 😕 HP[-14]
You take 14 damage, and now have 60/74 hp.
You hit the centaur warrior.
The centaur warrior looks as sick as possible!
Your tentacle-slap misses the centaur warrior.
You squeeze the centaur warrior. The centaur warrior hits you.
The centaur warrior completely misses you.
You barely miss the centaur warrior.
The centaur warrior completely misses you.
The centaur warrior kicks you. 😕 HP[-1]
You take 1 damage, and now have 59/74 hp.
You hit the centaur warrior but do no damage.
The centaur warrior misses you. The centaur warrior kicks you. 😕 HP[-3]
You take 3 damage, and now have 56/74 hp.
You hit the centaur warrior.
You squeeze the centaur warrior, but do no damage.
The centaur warrior barely misses you.
The centaur warrior completely misses you.
You puncture the centaur warrior!
The centaur warrior looks as sick as possible!
You squeeze the centaur warrior, but do no damage.
The centaur warrior hits you. The centaur warrior kicks you. 😮 HP[-4]
You take 4 damage, and now have 52/74 hp.
You hit the centaur warrior.
The centaur warrior looks as sick as possible!
You tentacle-slap the centaur warrior, but do no damage.
The centaur warrior hits you!
The centaur warrior kicks you but does no damage. 😮 HP[-13]
You take 13 damage, and now have 39/74 hp.
You hit the centaur warrior but do no damage.
The centaur warrior looks as sick as possible!
The centaur warrior hits you!
* * * LOW HITPOINT WARNING * * *
The centaur warrior closely misses you. 😨 HP[-13]
You take 13 damage, and now have 26/74 hp.
You closely miss the centaur warrior. The centaur warrior misses you. x2
You barely miss the centaur warrior. The centaur warrior hits you!
* * * LOW HITPOINT WARNING * * *
The centaur warrior completely misses you. 😱 HP[-12]
You take 12 damage, and now have 14/74 hp.
You hit the centaur warrior.
The centaur warrior looks as sick as possible!
Your squeeze misses the centaur warrior.
The centaur warrior hits you.
* * * LOW HITPOINT WARNING * * *
The centaur warrior kicks you.
* * * LOW HITPOINT WARNING * * *
😱 HP[-7]
You take 7 damage, and now have 7/74 hp.
You hit the centaur warrior but do no damage.
The centaur warrior looks as sick as possible!
The centaur warrior closely misses you.
The centaur warrior completely misses you.
The centaur warrior hits you!
You die...
Your body crumbles into a pile of gold.

Skill      XL: |  1  2  3  4  5  6  7  8  9 10 |
---------------+-------------------------------+-----
Stealth        | 3 4 |  4.7
Short Blades   | 1 2 3 4 5 6 |  6.5
Dodging        | 4 6 7 9 10 | 10.3
Fighting       | 5 7 9 |  9.0
Conjurations   | 1 |  1.5
Hexes          | 1 |  1.5
Spellcasting   | |  1.9
Translocations | |  1.0

Action                     |  1- 3 |  4- 6 |  7- 9 | 10-12 || total
---------------------------+-------+-------+-------+-------++-------
  Melee: Dagger            |    51 |    61 |   227 |   140 ||   479
         Constrict         |     9 |     9 |    54 |    17 ||    89
         Tentacles         |     3 |     8 |    56 |    45 ||   112
         Punch             |     1 |       |     5 |     4 ||    10
 Invoke: Call Merchant     |       |       |     1 |       ||     1
  Evoke: Wand              |       |       |     2 |       ||     2
    Use: Scroll            |       |       |    14 |     2 ||    16
   Stab: Sleeping          |     9 |    19 |    15 |     1 ||    44
         Distracted        |       |       |     1 |       ||     1
 Armour: Skin              |     4 |     1 |     6 |     1 ||    12
  Dodge: Dodged            |    27 |    33 |   161 |   105 ||   326

Levels and vault maps discovered:
D:1:      ncdulo_smallfort, layout_basic
D:2:      layout_basic, basic_altar
D:3:      layout_rooms, nicolae_elyvilon_temple_path,
          mainiacjoe_overflow_tiny_flanked
D:4:      layout_rooms, kennysheep_mini, mainiacjoe_overflow_paths,
          lightli_corner_chamber, uniq_sigmund
D:5:      layout_gridville, nicolae_qazlal_general_emergency,
          palyth_stone_intersect, uniq_eustachio
D:6:      layout_loops_corners, minmay_between
D:7:      layout_rooms, nicolae_overflow_hidden_temple,
          minmay_temple_entry_statues_pillars, serial_rivers,
          chequers_serial_rivers_micro_b, chequers_serial_rivers_large_a,
          chequers_serial_rivers_room_b, chequers_serial_rivers_room_a,
          serial_shops, shop_fountains
D:8:      kennysheep_windowed_halls, layout_basic, mainiacjoe_overflow_alcove_1,
          zin_scriptorium
D:9:      layout_gridville, lemuel_blue_sif_altar, david_lair_generic,
          minmay_misc_feat_iff, st_stairs_6, minmay_statue_bubble

Notes
Turn   | Place    | Note
-------+----------+-------------------------------------------
     0 | D:1      | MackTheKnife the Octopode Wanderer began the quest for the
                  | Orb.
     0 | D:1      | MackTheKnife set off with the following items: a +3 dagger
                  | {short}, a scroll of fear, a potion of attraction {!q}; and
                  | the following spell memorised: Apportation; and the
                  | following spells available to memorise: Gell's Gravitas.
     0 | D:1      | Reached XP level 1. HP: 17/17 MP: 2/2
     0 | D:1      | magus.rc [v1.9.6]
    96 | D:1      | Reached skill level 3 in Stealth
   165 | D:1      | Reached skill level 1 in Short Blades
   165 | D:1      | Reached XP level 2. HP: 18/22 MP: 3/3
   354 | D:1      | Reached XP level 3. HP: 20/27 MP: 4/4
   447 | D:1      | Reached skill level 4 in Stealth
   664 | D:2      | You pick up a book of the Tundra and begin reading...
   664 | D:2      | You add the spells Hailstorm, Ice Form and Simulacrum to
                  | your library.
   681 | D:2      | Reached skill level 2 in Short Blades
   789 | D:2      | Reached XP level 4. HP: 25/33 MP: 5/5
   825 | D:2      | Found a sacrificial altar of Ru.
   856 | D:2      | Identified the +8 dagger of Beyond {venom, rF+ Dex+4}
   973 | D:2      | You pick up a book of Cantrips and begin reading...
   973 | D:2      | You add the spells Necrotise and Summon Small Mammal to
                  | your library.
  1434 | D:3      | Identified the +10 dagger of the Sharing Coward {antimagic,
                  | Int+4}
  1504 | D:3      | Found a sparkling altar of Nemelex Xobeh.
  1563 | D:3      | You pick up a book of Conjurations {@e2} and begin
                  | reading...
  1563 | D:3      | You add the spells Magic Dart, Searing Ray and Fulminant
                  | Prism to your library.
  1615 | D:3      | Reached skill level 3 in Short Blades
  1615 | D:3      | Reached XP level 5. HP: 37/37 MP: 6/6
  1817 | D:3      | Found a white marble altar of Elyvilon.
  1848 | D:4      | Noticed an ice beast
  1962 | D:4      | Reached skill level 3 in Dodging
  1975 | D:4      | Found an opulent altar of Gozag.
  1990 | D:4      | Became a worshipper of Gozag Ym Sagoz the Greedy
  2086 | D:4      | Noticed a black bear
  2143 | D:4      | Found a glowing golden altar of the Shining One.
  2172 | D:4      | Noticed Sigmund
  2176 | D:4      | Killed Sigmund
  2177 | D:4      | Reached skill level 4 in Short Blades
  2177 | D:4      | Reached skill level 4 in Dodging
  2177 | D:4      | Reached XP level 6. HP: 43/43 MP: 7/7
  2216 | D:4      | Killed a black bear
  2217 | D:4      | Reached XP level 7. HP: 44/49 MP: 8/8
  2448 | D:4      | Reached skill level 5 in Dodging
  2487 | D:5      | Entered Level 5 of the Dungeon
  2563 | D:5      | Reached skill level 5 in Fighting
  2789 | D:5      | Found a stormy altar of Qazlal.
  2810 | D:5      | Reached skill level 6 in Dodging
  2810 | D:5      | Reached XP level 8. HP: 57/57 MP: 9/9
  2839 | D:5      | Noticed Eustachio
  2847 | D:5      | Killed Eustachio
  2848 | D:5      | Reached skill level 6 in Fighting
  3718 | D:6      | Reached skill level 7 in Dodging
  3785 | D:6      | Reached skill level 7 in Fighting
  4022 | D:6      | Reached XP level 9. HP: 64/64 MP: 10/10
  4287 | D:6      | Reached skill level 8 in Dodging
  4500 | D:7      | Found a staircase to the Ecumenical Temple.
  4509 | D:7      | Reached skill level 8 in Fighting
  4585 | D:7      | Found Neaseze's Distillery.
  5336 | D:7      | Found a shimmering altar of Xom.
  5372 | D:8      | Found a broken altar of Ashenzari.
  5451 | D:8      | Reached skill level 9 in Fighting
  5451 | D:8      | Reached skill level 9 in Dodging
  5888 | D:8      | Found a glowing silver altar of Zin.
  6147 | D:8      | Reached skill level 5 in Short Blades
  6164 | D:8      | Reached XP level 10. HP: 34/74 MP: 11/11
  6270 | D:8      | Reached skill level 6 in Short Blades
  6270 | D:8      | Reached skill level 10 in Dodging
  6291 | D:8      | Noticed a centaur warrior
  6597 | D:8      | Bought a scroll of acquirement for 780 gold pieces
  6597 | D:8      | Acquired the ring of Okawaru's Approval {rElec rPois
                  | Will+++ Int+6 Slay-4}
  6603 | D:8      | Learned a level 2 spell: Searing Ray
  6608 | D:8      | Learned a level 4 spell: Fulminant Prism
  6608 | D:8      | magus.rc [v1.9.6]
  6769 | D:9      | Noticed an obsidian statue
  6835 | D:9      | Noticed a kobold demonologist
  6870 | D:8      | Reached skill level 1 in Conjurations
  6870 | D:8      | Reached skill level 1 in Hexes
  7008 | D:8      | HP: 14/74 [centaur warrior (13)]
  7010 | D:8      | Slain by a centaur warrior

Vanquished Creatures
  Sigmund (D:4)
  A wyvern (D:8)
  Eustachio (D:5)
  5 yaks
  4 steam dragons
  An acid dragon (D:8)
  3 orc warriors
  An ice beast (D:4)
  2 black bears
  An ogre (D:5)
  4 kobold brigands
  A necrophage (D:6)
  3 bullfrogs
  4 scorpions
  A gnoll sergeant (D:6)
  10 wights
  A howler monkey (D:7)
  A jelly (D:6)
  3 hounds
  A gnoll bouda (D:8)
  7 orc priests
  4 iguanas
  6 orc wizards
  8 gnolls
  10 adders
  2 shadow imps
  A white imp (D:6)
  An ufetubus (D:6)
  A worm (D:4)
  2 dart slugs
  32 orcs
  4 bats
  5 endoplasms
  3 giant cockroaches
  6 hobgoblins
  3 jackals (D:1)
  13 kobolds
  5 quokkas
  9 ball pythons
  4 frilled lizards
  11 goblins
  7 rats
193 creatures vanquished.

Vanquished Creatures (others)
  An orc (D:8)
1 creature vanquished.

Grand Total: 194 creatures vanquished

Table legend:
 A = Non-vault XP
 B = Vault XP
 C = Vault XP percentage of total XP
 D = Non-vault monster count
 E = Vault monster count
 F = Vault count percentage of total count
                 A         B        C        D         E       F
            +---------+---------+-------+---------+---------+-------
      Total |    4919 |    1848 |  27.3 |     175 |      18 |   9.3
            +---------+---------+-------+---------+---------+-------
        D:1 |      42 |       0 |   0.0 |      24 |       0 |   0.0
        D:2 |      89 |       0 |   0.0 |      27 |       0 |   0.0
        D:3 |      37 |       0 |   0.0 |       8 |       0 |   0.0
        D:4 |     248 |     456 |  64.8 |      16 |       5 |  23.8
        D:5 |     420 |     208 |  33.1 |       7 |       1 |  12.5
        D:6 |    1010 |     145 |  12.6 |      28 |       3 |   9.7
        D:7 |     694 |       0 |   0.0 |      14 |       0 |   0.0
        D:8 |    1566 |     909 |  36.7 |      35 |       8 |  18.6
        D:9 |     813 |     130 |  13.8 |      16 |       1 |   5.9
            +---------+---------+-------+---------+---------+-------

Illustrated notes

Table legend:
 A = Kills in this place as a percentage of kills in entire the game.
 B = Kills by you in this place as a percentage of kills by you in the entire game.
 C = Kills by friends in this place as a percentage of kills by friends in the entire game.
 D = Other kills in this place as a percentage of other kills in the entire game.
 E = Experience gained in this place as a percentage of experience gained in the entire game.
 F = Experience gained in this place divided by the number of levels of this place that you have seen.
                   A       B       C       D       E      F
               +-------+-------+-------+-------+-------+----------------------
         Total | 100.0 | 100.0 |   N/A |   N/A | 100.0 | 751.9
       Dungeon | 100.0 | 100.0 |   N/A |   N/A | 100.0 | 751.9
               +-------+-------+-------+-------+-------+----------------------

Table legend: (Time is in decaauts)
 A = Elapsed time spent in this place.
 B = Non-inter-level travel time spent in this place.
 C = Inter-level travel time spent in this place.
 D = Time resting spent in this place.
 E = Time spent auto-exploring this place.
 F = Levels seen in this place.
 G = Mean time per level.
                   A        B        C        D        E       F      G
               +--------+--------+--------+--------+--------+-----+--------+
         Total |   6902 |   6556 |    346 |    303 |   4887 |   9 |  766.9 |
       Dungeon |   6902 |   6556 |    346 |    303 |   4887 |   9 |  766.9 |
               +--------+--------+--------+--------+--------+-----+--------+

Top non-repeatable levels by time:
     D:8: 1410 daAuts
     D:6: 1101 daAuts
     D:5: 815 daAuts
     D:2: 749 daAuts
     D:7: 700 daAuts
     D:4: 645 daAuts
     D:1: 635 daAuts
     D:3: 438 daAuts
     D:9: 405 daAuts
